 Dungeon Crawl Stone Soup version 0.19.1-1-g22dce08 (webtiles) character file.

1404 M4edhros the Grappler (level 8, -2/79 HPs)
             Began as a Troll Berserker on Jan 4, 2017.
             Was a Believer of Trog.
             Slain by a two-headed hydra (9 damage)
             ... on level 8 of the Dungeon.
             The game lasted 00:05:03 (1162 turns).

M4edhros the Grappler (Troll Berserker)             Turns: 1162, Time: 00:05:04

Health: -2/79      AC:  5    Str: 26    XL:     8   Next: 42%
Magic:  7/7        EV: 12    Int:  3    God:    Trog [**....]
Gold:   73         SH:  0    Dex: 11    Spells: 0 memorised, 7 levels left

rFire  . . .     SeeInvis .       - Unarmed
rCold  . . .     Gourm    +     g - +0 robe (curse)
rNeg   . . .     Faith    .     (no shield)
rPois  .         Spirit   .     (helmet restricted)
rElec  .         Reflect  .     (no cloak)
rCorr  .         Harm     .     (gloves unavailable)
MR     ++...                    (boots unavailable)
Stlth  +.........               (no amulet)
                                (no ring)
                                (no ring)

@: lethally poisoned (-2 -> -2), regenerating
A: unfitting armour, claws 3, fast metabolism 3, gourmand, regeneration 1,
shaggy fur 1, tough skin 2
a: Berserk, Trog's Hand, Burn Spellbooks, Renounce Religion


You were on level 8 of the Dungeon.
You worshipped Trog.
Trog was pleased with you.
You were full.

You visited 1 branch of the dungeon, and saw 8 of its levels.

You collected 73 gold pieces.

Inventory:

Armour
 a - a +0 animal skin
 g - a cursed +0 robe (worn)
Wands
 r - a wand of confusion (16/48)
Scrolls
 d - a scroll of remove curse {unknown}
 e - 3 scrolls of identify {unknown}
 i - a scroll of magic mapping {unknown}
 l - 2 scrolls of recharging {unknown}
 q - a scroll of enchant weapon {unknown}
 s - a scroll of random uselessness {unknown}
Potions
 c - a potion of heal wounds {unknown}
 f - a potion of ambrosia {unknown}
 h - a potion of brilliance {unknown}
 j - 2 potions of cancellation {unknown}
 n - a potion of lignification {unknown}
Books
 m - a book of Minor Magic

   Spells                             Type                      Level
   a - Magic Dart                     Conjuration                  1
   b - Blink                          Translocation                2
   c - Call Imp                       Summoning                    2
   d - Repel Missiles                 Charms/Air                   2
   e - Slow                           Hexes                        2
   f - Conjure Flame                  Conjuration/Fire             3
   g - Mephitic Cloud                 Conjuration/Poison/Air       3
   Trog disapproves of the use of such an item.
 p - a book of Cantrips

   Spells                             Type                      Level
   a - Confusing Touch                Hexes                        1
   b - Animate Skeleton               Necromancy                   1
   c - Summon Small Mammal            Summoning                    1
   d - Apportation                    Translocation                1
   Trog disapproves of the use of such an item.
Comestibles
 b - 5 bread rations
 k - 8 slices of pizza
 o - a meat ration
 t - 12 fruits


   Skills:
 + Level 4.8 Fighting
 + Level 5.0 Dodging
 * Level 8.0 Unarmed Combat


You had 7 spell levels left.
You didn't know any spells.

Dungeon Overview and Level Annotations

Branches:
Dungeon (8/15)             Temple (0/1) D:7
   Lair: D:8-11

Altars:


Innate Abilities, Weirdness & Mutations

You are too large for most types of armour.
You have claws for hands.
Your metabolism is lightning-fast.
You like to eat raw meat.
Your natural rate of healing is unusually fast.
You are covered in fur. (AC +1)
You have very tough skin. (AC +2)


Message History

Evoking this partially-identified wand wasted a few charges.
The killer bee stings you.
* * * LOW HITPOINT WARNING * * *
You are poisoned.
The killer bee poisons you!
The killer bee stings the two-headed hydra.
The killer bee barely misses you.
You feel sick. The killer bee stings you.
* * * LOW HITPOINT WARNING * * *
You are more poisoned.
The killer bee poisons you!
You feel sick. The killer bee closely misses you.
Your skin crawls.
You feel resistant to hostile enchantments.
You feel somewhat less full.
You feel sick. The killer bee stings you.
* * * LOW HITPOINT WARNING * * *
The killer bee stings you.
* * * LOW HITPOINT WARNING * * *
The two-headed hydra bites you!
You die...

≈P.....##....## ≈≈..P..##.....#
≈P.....###....########## ≈......#
#.<......##...#
P≈.≈.≈.###........##...#
###)#####>....))...#...# ######
............#.))...#...# #....#
####(............D.....####....##
#............@yy.......'.....+
...........###...y#....####....##
#######....# #....##.### #K...#
#.#.## #....##y.# #....# #.#.#
#....###y#####....# #.#.#
#######!5K........# #.#.#
#............. #.#.#
#...........## #. #..........#..


You could see a two-headed hydra and 3 killer bees.

Vanquished Creatures
  2 dream sheep (D:8)
  2 yaks (D:8)
  An orc warrior (D:8)
  An ogre (D:4)
  3 big kobolds
  2 scorpions
  3 orc priests
  An orc wizard (D:4)
  A worker ant (D:6)
  2 hound skeletons
  2 adders
  4 gnolls (D:2)
  8 orcs
  A ball python (D:3)
  4 bats
  2 giant cockroaches
  A goblin (D:3)
  2 hobgoblins
  4 jackals (D:1)
  22 kobolds
  A frilled lizard (D:2)
  A rat (D:1)
  7 plants (D:6)
77 creatures vanquished.

Vanquished Creatures (others)
  A plant (D:6)
1 creature vanquished.

Grand Total: 78 creatures vanquished

Notes
Turn   | Place    | Note
-------+----------+-------------------------------------------
     0 | D:1      | M4edhros the Troll Berserker began the quest for the Orb.
     0 | D:1      | Reached XP level 1. HP: 22/22 MP: 0/0
    56 | D:1      | Reached XP level 2. HP: 29/29 MP: 1/1
   296 | D:2      | Reached XP level 3. HP: 30/36 MP: 2/2
   309 | D:2      | Reached skill level 4 in Unarmed Combat
   400 | D:3      | Reached XP level 4. HP: 41/44 MP: 3/3
   420 | D:4      | Reached ** piety under Trog
   502 | D:4      | Noticed an ogre
   507 | D:4      | Killed an ogre
   507 | D:4      | Reached skill level 5 in Unarmed Combat
   507 | D:4      | Reached XP level 5. HP: 53/53 MP: 4/4
   544 | D:5      | Entered Level 5 of the Dungeon
   708 | D:6      | Reached XP level 6. HP: 61/61 MP: 5/5
   957 | D:7      | Found a staircase to the Ecumenical Temple.
   970 | D:8      | Noticed an orc warrior
   979 | D:8      | Killed an orc warrior
   979 | D:8      | Reached skill level 6 in Unarmed Combat
   979 | D:8      | Reached XP level 7. HP: 68/68 MP: 6/6
  1023 | D:8      | Noticed a dream sheep
  1023 | D:8      | Noticed a dream sheep
  1023 | D:8      | Noticed a yak
  1023 | D:8      | Noticed a yak
  1036 | D:8      | Killed a dream sheep
  1041 | D:8      | Killed a yak
  1041 | D:8      | Reached skill level 7 in Unarmed Combat
  1041 | D:8      | Reached XP level 8. HP: 77/79 MP: 7/7
  1042 | D:8      | Killed a dream sheep
  1047 | D:8      | Reached skill level 5 in Dodging
  1053 | D:8      | Reached skill level 8 in Unarmed Combat
  1101 | D:8      | Noticed a two-headed hydra
  1162 | D:8      | Slain by a two-headed hydra

Skill      XL: |  1  2  3  4  5  6  7  8 |
---------------+-------------------------+-----
Unarmed Combat | 4 5 6 7 8 |  8.0
Dodging        | 3 4 5 |  5.0
Fighting       | 3 4 |  4.8

Action                   |  1- 3 |  4- 6 |  7- 9 || total
-------------------------+-------+-------+-------++-------
Melee: Unarmed           |    49 |   155 |    37 ||   241
       Punch             |     2 |     7 |     3 ||    12
Invok: Berserk           |     2 |     4 |     1 ||     7
       Trog's Hand       |       |       |     2 ||     2
Evoke: Wand              |       |       |     4 ||     4
  Eat: Chunk             |    11 |     1 |     7 ||    19
Armor: Animal skin       |    23 |       |       ||    23
       Robe              |     8 |    33 |     7 ||    48
Dodge: Dodged            |    36 |    59 |    22 ||   117
